 Dungeon Crawl Stone Soup version 0.29-a0-613-gf2c431b9b9 (webtiles) character file.

Game seed: 14596831829238337239

14 Vylera the Chopper (level 2, 0/22 HPs)
             Began as a Djinni Wanderer on June 17, 2022.
             Slain by a gnoll
             ... wielding a +0 halberd
              (5 damage)
             ... on level 2 of the Dungeon.
             The game lasted 00:01:37 (888 turns).

Vylera the Chopper (Djinni Wanderer)                 Turns: 888, Time: 00:01:37

Health: 0/22       AC:  6    Str: 15    XL:     2   Next: 60%
Gold:   49         EV:  9    Int: 11    God:
                   SH:  0    Dex: 10

rFire   + + .      SeeInvis .   a - +0 shortbow (vorpal)
rCold   x . .      Faith    .   (shield currently unavailable)
rNeg    . . .      Spirit   .   c - +0 scale mail
rPois   ∞          Reflect  .   (no helmet)
rElec   .          Harm     .   (no cloak)
rCorr   .          Rampage  .   (no gloves)
Will    .....                   (boots unavailable)
Stlth   ..........              (no amulet)
HPRegen 0.07/turn               (no ring)
MPRegen 0.00/turn               (no ring)

@: flying
A: sickness immunity, fire resistance 2, cold vulnerability 1, float, innate
caster, HP casting, extra vitality 1
a: no special abilities


You were on level 2 of the Dungeon.
You visited 1 branch of the dungeon, and saw 2 of its levels.

You collected 49 gold pieces.

Inventory:

Hand Weapons
 a - a +0 vorpal shortbow (weapon)
 b - a +0 hand axe
 i - a +2 vampiric short sword
Armour
 c - a +0 scale mail (worn)
Scrolls
 f - 2 scrolls of identify {unknown}
 g - 2 scrolls of blinking {unknown}
 h - a scroll of immolation {unknown}
 j - a scroll of brand weapon {unknown}
Potions
 d - 2 potions of lignification
 e - a potion of cancellation {unknown}


   Skills:
 - Level 1.0 Fighting
 - Level 3.2 Axes
 + Level 3.1 Bows
 - Level 1.0 Armour
 - Level 1.1 Dodging


You had one spell level left.
You didn't know any spells.
Your spell library was empty.

Dungeon Overview and Level Annotations

Branches:
Dungeon (2/15)

Altars:


Innate Abilities, Weirdness & Mutations

You are immune to sickness and miasma.
You are immune to poison.
Your flesh is very heat resistant. (rF++)
You are vulnerable to cold. (rC-)
You float through the air rather than walking.
You learn spells naturally, not from books.
Your magical power is your life essence.
You have superior vitality. (+4 MHP)


Message History

There is a stone staircase leading up here.
There are monsters nearby!
You shoot an arrow. The arrow hits the gnoll!
The gnoll is severely wounded.
You hear a shout!
A gnoll comes into view. It is wielding a +0 whip.
The gnoll hits you from afar with a +0 spear.
The gnoll hits you from afar with a +0 halberd!
Ouch! That really hurt!
The gnoll closely misses you.
You fly upwards.
There is a stone staircase leading down here.
There is a stone staircase leading down here.
You start resting.
HP restored.
You fly downwards.
Found a stone staircase leading down.
There is a stone staircase leading up here.
You shoot an arrow. The arrow completely misses the gnoll.
The gnoll hits you but does no damage. The gnoll hits you but does no damage.
You fly upwards.
There is a stone staircase leading down here.
There is a stone staircase leading down here.
You fly downwards.
The kobold shouts!
The gnoll shouts! x3
The gnoll closely misses you. The gnoll hits you but does no damage.
The kobold hits you but does no damage.
There is a stone staircase leading up here.
The gnoll closely misses you. x2; The kobold hits you but does no damage.
The kobold attacks as you move away!
The kobold hits you with a +0 short sword.
The gnoll shouts!
The gnoll hits you from afar with a +0 halberd!
The gnoll hits you from afar with a +0 halberd.
* * * LOW HITPOINT WARNING * * *
The gnoll attacks as you move away! The gnoll misses you.
The gnoll barely misses you.
The gnoll hits you from afar with a +0 halberd.
You die...

##### #...
#.#######.####
.......@.gK..#
#..##.#...##g#
# #.#.g.##.#.#
#<....#.g..#
###>.##..###
#..##..#
........
..##.#.##
#.#.#


You could see 3 gnolls and a kobold.

Vanquished Creatures
  3 bats (D:1)
  An endoplasm (D:1)
  A goblin (D:1)
  2 hobgoblins (D:1)
  4 kobolds (D:1)
  A ball python (D:1)
  A frilled lizard (D:1)
  A rat (D:1)
14 creatures vanquished.

Notes
Turn   | Place    | Note
-------+----------+-------------------------------------------
     0 | D:1      | Vylera the Djinni Wanderer began the quest for the Orb.
     0 | D:1      | Vylera set off with the following items: a +0 vorpal
                  | shortbow, a +0 hand axe, a +0 scale mail, a potion of
                  | lignification.
     0 | D:1      | Reached XP level 1. HP: 17/17 MP: 0/0
   308 | D:1      | Reached XP level 2. HP: 22/22 MP: 0/0
   373 | D:1      | Found a faded altar of an unknown god.
   888 | D:2      | Slain by a gnoll

Illustrated notes

Levels and vault maps discovered:
D:1:      psy_arrival_statuary, layout_basic,
          shapermc_ecumenical_altar_rom_forum
D:2:      layout_loops_cross

Skill      XL: |  1  2 |
---------------+-------+-----
Bows           | 3 |  3.1
Fighting       | |  1.0
Axes           | |  3.2
Armour         | |  1.0
Dodging        | |  1.1

Action                   || total
-------------------------++-------
 Fire: Shortbow          ||    31
Armor: Scale mail        ||     7
Dodge: Dodged            ||    10

Table legend: (Time is in decaauts)
 A = Elapsed time spent in this place.
 B = Non-inter-level travel time spent in this place.
 C = Inter-level travel time spent in this place.
 D = Time resting spent in this place.
 E = Time spent auto-exploring this place.
 F = Levels seen in this place.
 G = Mean time per level.
                   A        B        C        D        E       F      G
               +--------+--------+--------+--------+--------+-----+--------+
         Total |    906 |    898 |      8 |    179 |    548 |   2 |  453.0 |
       Dungeon |    906 |    898 |      8 |    179 |    548 |   2 |  453.0 |
               +--------+--------+--------+--------+--------+-----+--------+

Top non-repeatable levels by time:
     D:1: 892 daAuts
     D:2: 14 daAuts
